 Dungeon Crawl Stone Soup version 0.30-a0-591-g3c58d2bc28 (webtiles) character file.

Game seed: 8390263143385759693

97 Oxelix the Shooter (level 4, -13/23 HPs)
             Began as a Spriggan Hunter on Jan 6, 2023.
             Killed by divine providence
             ... invoked by an orc priest
              (15 damage)
             ... on level 3 of the Dungeon.
             The game lasted 00:04:35 (1289 turns).

Oxelix the Shooter (Spriggan Hunter)                Turns: 1289, Time: 00:04:36

Health: -13/23     AC:  2    Str:  7    XL:     4   Next: 42%
Magic:  5/5        EV: 18    Int: 10    God:
Gold:   98         SH:  0    Dex: 20    Spells: 3/3 levels left

rFire   . . .      SeeInvis +    f - +0 sling
rCold   . . .      Faith    .    (no shield)
rNeg    . . .      Spirit   .    c - +0 robe
rPois   .          Reflect  .    (helmet restricted)
rElec   .          Harm     .    (no cloak)
rCorr   .          Rampage  .    (gloves unavailable)
Will    +....                    (boots unavailable)
Stlth   +++                      (no amulet)
HPRegen 0.23/turn                k - ring of wizardry
MPRegen 0.09/turn                s - ring of willpower

@: very quick
A: very small, no large weapons, unfitting armour, see invisible, speed 3
a: no special abilities


You were on level 3 of the Dungeon.
You visited 1 branch of the dungeon, and saw 3 of its levels.

You collected 98 gold pieces.

Inventory:

Hand Weapons
 a - a +0 shortbow
 f - a +0 sling (weapon)
Missiles
 r - 3 silver boomerangs
Armour
 c - a +0 robe (worn)
Jewellery
 k - a ring of wizardry (left hand)
 s - a ring of willpower (right hand)
Scrolls
 b - a scroll of immolation
 d - a scroll of fear {unknown}
 l - a scroll of teleportation {unknown}
 m - 3 scrolls of noise {unknown}
 p - a scroll of amnesia {unknown}
 q - a scroll of summoning {unknown}
Potions
 e - 4 potions of curing {unknown}
 g - 2 potions of lignification {unknown}
 h - a potion of brilliance {unknown}
 i - a potion of heal wounds {unknown}
 j - a potion of mutation {unknown}
 n - a potion of degeneration {unknown}
 o - 2 potions of attraction {unknown}


   Skills:
 - Level 2.2 Fighting
 * Level 5.2 Ranged Weapons
 - Level 2.6 Dodging
 - Level 3.3 Stealth


You had 3 spell levels left.
You didn't know any spells.
Your spell library was empty.

Dungeon Overview and Level Annotations

Branches:
Dungeon (3/15)

Altars:
The Shining One


Innate Abilities, Weirdness & Mutations

You are very small and have problems with some larger weapons.
You are too small for most types of armour.
You have supernaturally acute eyesight. (SInv)
You cover ground extremely quickly. (Speed+++)


Message History

You shoot a sling bullet. The sling bullet hits the gnoll!
The gnoll is severely wounded.
Fire: f) +0 sling
Press: ? - help, Q - select action, (/) - cycle Shift-Dir - straight line, f/p - gnoll
Aim: a gnoll, wielding a +0 club (severely wounded, 66% to hit)
You shoot a sling bullet.
The sling bullet closely misses the gnoll.
Fire: f) +0 sling
Press: ? - help, Q - select action, (/) - cycle Shift-Dir - straight line, f/p - gnoll
Aim: a gnoll, wielding a +0 club (severely wounded, 66% to hit)
You shoot a sling bullet.
The sling bullet hits the gnoll but does no damage.
The gnoll is severely wounded.
An orc priest comes into view. It is wielding a +0 hand axe.
Fire: f) +0 sling
Press: ? - help, Q - select action, (/) - cycle Shift-Dir - straight line, f/p - gnoll
Aim: a gnoll, wielding a +0 club (severely wounded, 66% to hit)
You shoot a sling bullet. The sling bullet hits the gnoll.
You kill the gnoll!
You hear a shout!
Fire: f) +0 sling
Press: ? - help, Q - select action, (/) - cycle Shift-Dir - straight line, f - orc priest
Aim: an orc priest, wielding a +0 hand axe and wearing a +0 leather armour (63% to hit)
You shoot a sling bullet.
The sling bullet barely misses the orc priest.
Fire: f) +0 sling
Press: ? - help, Q - select action, (/) - cycle Shift-Dir - straight line, f/p - orc priest
Aim: an orc priest, wielding a +0 hand axe and wearing a +0 leather armour (63% to hit)
You shoot a sling bullet.
The sling bullet hits the orc priest but does no damage.
You see here a +0 dagger.
The orc priest mumbles some strange prayers to Beogh against you.
Beogh smites you!
Ouch! That really hurt!
* * * LOW HITPOINT WARNING * * *
You see here a +0 hand axe.
The orc priest calls down the wrath of Beogh upon you.
Beogh smites you!
Ouch! That really hurt!
You die...

....♣♣♣...../.♣.♣♣P♣♣...
....P.♣♣...P♣.♣♣..♣P... P
......♣P..PP♣P♣♣.♣..♣.. o.
#P......PP.P♣§♣.♣♣...♣ ...
+.[#..P.♣.♣.♣♣.♣...♣♣.
....####...#....♣.♣♣P♣§♣♣.♣.♣
............#.....♣.♣.♣.P...♣
#...)............♣...♣...♣♣
#..⌠o...))@.............♣..
#.P.....P...###.....♣.♣P.♣.
#.....###...+ #.....P♣.♣♣.P
P.).....# +..)###...♣.♣♣♣..##
........# #...)...♣.♣♣.♣...##
..............♣.♣.♣P♣ ♣.♣♣...
...♣...♣P.♣...P♣.♣♣.. ♣.#####
♣♣.......♣PP♣...♣.♣♣.# #
##♣♣♣♣##.. .....


You could see an orc priest.

Vanquished Creatures
  2 adders (D:2)
  2 gnolls (D:3)
  A worm (D:2)
  A dart slug (D:1)
  7 orcs (D:3)
  A ball python (D:2)
  4 endoplasms
  A giant cockroach (D:1)
  4 goblins
  5 hobgoblins
  7 kobolds
  A quokka (D:1)
  4 bats (D:1)
  A frilled lizard (D:1)
  3 rats
44 creatures vanquished.

Vanquished Creatures (others)
  30 plants (D:3)
30 creatures vanquished.

Grand Total: 74 creatures vanquished

Notes
Turn   | Place    | Note
-------+----------+-------------------------------------------
     0 | D:1      | Oxelix the Spriggan Hunter began the quest for the Orb.
     0 | D:1      | Reached XP level 1. HP: 10/10 MP: 2/2
   222 | D:1      | Reached XP level 2. HP: 15/15 MP: 3/3
   703 | D:2      | Reached XP level 3. HP: 18/18 MP: 4/4
   747 | D:2      | Found a faded altar of an unknown god.
   839 | D:2      | Found a glowing golden altar of the Shining One.
  1163 | D:3      | Reached XP level 4. HP: 23/23 MP: 5/5
  1230 | D:3      | Reached skill level 5 in Ranged Weapons
  1289 | D:3      | Killed from afar by an orc priest

Illustrated notes

Levels and vault maps discovered:
D:1:      dpeg_arrival_orchard, layout_basic
D:2:      layout_rooms, chequers_ecumenical_altar_simple, basic_altar
D:3:      wad_woods_settlement, layout_basic, grunt_ministairs_5, uniq_grinder,
          uniq_robin

Skill      XL: |  1  2  3  4 |
---------------+-------------+-----
Stealth        | 2 3 |  3.3
Fighting       | 2 |  2.2
Ranged Weapons | 5 |  5.2
Dodging        | |  2.6

Action                   |  1- 3 |  4- 6 || total
-------------------------+-------+-------++-------
 Fire: Shortbow          |    45 |       ||    45
       Sling             |    52 |    40 ||    92
Armor: Robe              |     5 |       ||     5
Dodge: Dodged            |    23 |     7 ||    30

Table legend: (Time is in decaauts)
 A = Elapsed time spent in this place.
 B = Non-inter-level travel time spent in this place.
 C = Inter-level travel time spent in this place.
 D = Time resting spent in this place.
 E = Time spent auto-exploring this place.
 F = Levels seen in this place.
 G = Mean time per level.
                   A        B        C        D        E       F      G
               +--------+--------+--------+--------+--------+-----+--------+
         Total |    873 |    823 |     50 |      0 |    481 |   3 |  291.0 |
       Dungeon |    873 |    823 |     50 |      0 |    481 |   3 |  291.0 |
               +--------+--------+--------+--------+--------+-----+--------+

Top non-repeatable levels by time:
     D:1: 382 daAuts
     D:2: 334 daAuts
     D:3: 156 daAuts
